 Dungeon Crawl Stone Soup version 0.20.1-1-g8b1a95d (webtiles) character file.

16525 HuneSparrow the Carver (level 12, -4/94 HPs)
             Began as a Demonspawn Fighter on July 30, 2017.
             Was a Priest of Qazlal.
             Slain by a freezing wraith (16 damage)
             ... in an ice cave on July 31, 2017.
             The game lasted 01:04:01 (14520 turns).

HuneSparrow the Carver (Demonspawn Fighter)        Turns: 14520, Time: 01:04:01

Health: -4/94      AC: 21    Str: 26    XL:     12   Next: 10%
Magic:  19/19      EV: 14    Int:  9    God:    Qazlal [***...]
Gold:   774        SH: 17    Dex: 19    Spells: 11/11 levels left

rFire    . . .     SeeInvis .   a - +0 long sword (elec)
rCold    . . .     Gourm    +   c - +0 shield
rNeg     . . .     Faith    .   q - +0 plate armour
rPois    .         Spirit   .   (helmet restricted)
rElec    .         Reflect  .   w - +0 cloak
rCorr    .         Harm     .   s - +2 pair of gloves
MR       ++...                  D - +2 pair of boots of the Assassin {Detection Stab+ Stlth++}
Stlth    ..........             v - amulet of the gourmand
Regen    1.3/turn               G - ring of protection from magic
MPRegen  0.2/turn               m - ring of protection from magic

@: mighty, agile, hasted and slowed
A: horns 2, powered by death 3, powered by pain 2, sturdy frame 2
a: Upheaval, Elemental Force, Renounce Religion


You were in an ice cave.
You worshipped Qazlal.
Qazlal was most pleased with you.
You were not hungry.

You visited 3 branches of the dungeon, and saw 14 of its levels.
You also visited: Ossuary and Ice Cave.

You collected 774 gold pieces.

Inventory:

Hand Weapons
 a - a +0 long sword of electrocution (weapon)
Armour
 c - a +0 shield (worn)
 q - a +0 plate armour (worn)
 s - a +2 pair of gloves (worn)
 w - a +0 cloak (worn)
 D - the +2 pair of boots of the Assassin (worn) {Detection Stab+ Stlth++}
   (You found it on level 7 of the Dungeon)

   It makes you much more stealthy.
Jewellery
 j - an uncursed amulet of guardian spirit
 m - a ring of protection from magic (right hand)
 v - an amulet of the gourmand (around neck)
 G - a ring of protection from magic (left hand)
Wands
 d - a wand of random effects (33/48)
 y - a wand of disintegration (10/24)
 A - a wand of digging (7/24)
 E - a wand of disintegration (7/24)
 I - a wand of iceblast (10/15)
Scrolls
 i - 2 scrolls of noise {unknown}
 o - 2 scrolls of magic mapping
 p - 7 scrolls of remove curse
 t - 7 scrolls of teleportation {unknown}
 u - 4 scrolls of fear
 H - 2 scrolls of vulnerability {unknown}
 K - 2 scrolls of fog {unknown}
 O - a scroll of immolation {unknown}
 Q - a scroll of enchant armour {unknown}
 R - a scroll of silence {unknown}
Potions
 e - 3 potions of lignification
 k - 4 potions of curing
 n - a potion of magic
 B - a potion of mutation
 C - a potion of haste
 F - a potion of brilliance
 J - a potion of cancellation
Books
 x - a book of Air

   Spells                             Type                      Level
   a - Shock                          Conjuration/Air              1
   b - Swiftness                      Charms/Air                   2
   c - Static Discharge               Conjuration/Air              3
   d - Airstrike                      Air                          4
   e - Lightning Bolt                 Conjuration/Air              5
 z - a book of Maledictions

   Spells                             Type                      Level
   a - Corona                         Hexes                        1
   b - Ensorcelled Hibernation        Hexes/Ice                    2
   c - Confuse                        Hexes                        3
   d - Tukima's Dance                 Hexes                        3
   e - Dazzling Spray                 Conjuration/Hexes            3
 L - a book of Misfortune

   Spells                             Type                      Level
   a - Confusing Touch                Hexes                        1
   b - Confuse                        Hexes                        3
   c - Gell's Gravitas                Translocation                3
   d - Petrify                        Transmutation/Earth          4
   e - Metabolic Englaciation         Hexes/Ice                    5
   f - Yara's Violent Unravelling     Hexes/Transmutation          5
 N - a book of Flames

   Spells                             Type                      Level
   a - Flame Tongue                   Conjuration/Fire             1
   b - Throw Flame                    Conjuration/Fire             2
   c - Conjure Flame                  Conjuration/Fire             3
   d - Inner Flame                    Hexes/Fire                   3
   e - Sticky Flame                   Conjuration/Fire             4
   f - Fireball                       Conjuration/Fire             5
Comestibles
 f - 14 bread rations
 h - 10 meat rations
 l - 6 royal jellies
 r - 8 fruits


   Skills:
 + Level 8.5 Fighting
 * Level 10.6 Long Blades
 + Level 8.0 Armour
 + Level 2.5 Dodging
 + Level 7.8 Shields
 * Level 10.6 Invocations


You had 11 spell levels left.
You didn't know any spells.

Dungeon Overview and Level Annotations

Branches:
Dungeon (12/15)            Temple (1/1) D:6            Lair (1/6) D:11
    Orc: D:9-12

Altars:
Ashenzari
Cheibriados
Dithmenos
Elyvilon
Fedhas
Gozag
Hepliaklqana
Kikubaaqudgha
Makhleb
Nemelex Xobeh
Okawaru
Qazlal
Sif Muna
Trog
Uskayaw
Vehumet
Xom
Yredelemnul
Zin
The Shining One

Shops:
D:7 [


Innate Abilities, Weirdness & Mutations

You have a pair of horns on your head.
You regenerate a lot of health from kills.
You sometimes gain power by taking damage.
Your movements are less encumbered by armour. (ER -4)


Message History

You block the freezing wraith's attack. x2; The freezing wraith misses you.
You closely miss the freezing wraith.
The freezing wraith is moderately damaged.
The freezing wraith closely misses you. The freezing wraith hits you.
The freezing wraith hits you! The freezing wraith freezes you!!
* * * LOW HITPOINT WARNING * * *
You focus on the pain.
You feel mightier all of a sudden.
The freezing wraith hits you but does no damage.
You feel yourself speed up.
You block the freezing wraith's attack. x3
The freezing wraith hits you but does no damage. x2
The freezing wraith misses you.
The freezing wraith hits you but does no damage.
The freezing wraith completely misses you.
You slash the freezing wraith!
The freezing wraith is heavily damaged.
The freezing wraith hits you.
* * * LOW HITPOINT WARNING * * *
The freezing wraith freezes you!
You die...

##..........##
##............#
####.............#
##...............##
##....###........##
#...### ###...####
#..## ##### #...#
##W@## ##W.## ##..#
#WW.....# ###....##
######


You could see 2 freezing wraiths.

Vanquished Creatures
  4 two-headed ogres
  Urug (D:11)
  Nergalle (D:11)
  The ghost of Tutankhamun the Basher, a novice GrFi of Cheibriados (D:10)
  Pikel (D:6)
  A deep elf mage (D:12)
  Maurice (D:9)
  2 gargoyles (D:10)
  A komodo dragon (D:11)
  2 freezing wraiths (IceCv)
  2 trolls
  The ghost of cba the Ducker, a novice SpFi (D:5)
  A hornet (D:10)
  Prince Ribbit (D:5)
  Grinder (D:6)
  2 hippogriffs
  2 death yak simulacra (IceCv)
  Eustachio (D:6)
  3 hungry ghosts
  Edmund (D:4)
  2 water moccasins (D:7)
  2 hell hounds (D:11)
  An acid dragon (D:10)
  A sky beast (D:10)
  5 orc warriors
  2 alligator simulacra (IceCv)
  2 slaves (D:6)
  13 ice beasts
  2 centaurs
  7 ogres
  2 big kobolds
  8 bullfrogs
  An elf zombie (Ossuary)
  5 scorpions
  8 killer bees
  12 wights
  A howler monkey (D:5)
  2 crimson imps
  2 bullfrog zombies (D:11)
  2 centaur zombies
  2 quasits
  6 hounds
  2 jellies
  5 orc priests
  2 bullfrog skeletons
  3 human zombies (Ossuary)
  Crazy Yiuf (D:4)
  3 centaur skeletons
  An iguana (D:7)
  19 orc wizards
  10 worker ants
  A big kobold zombie (Ossuary)
  A hound zombie (D:7)
  2 mummies (Ossuary)
  A howler monkey zombie (D:11)
  2 worker ant zombies
  8 gnolls
  2 howler monkey skeletons
  15 adders
  A shadow imp (D:6)
  5 white imps (IceCv)
  2 oozes (D:4)
  2 adder skeletons
  An adder zombie (Ossuary)
  6 worms
  2 dart slugs
  5 leopard geckos
  54 orcs
  8 giant cockroaches
  8 goblins
  7 hobgoblins
  8 jackals
  15 kobolds
  7 quokkas
  3 ball pythons
  7 bats
  4 frilled lizards
  A giant cockroach zombie (D:5)
  10 hobgoblin zombies (Ossuary)
  A jackal skeleton (D:8)
  9 kobold zombies (Ossuary)
  8 orc zombies (Ossuary)
  5 rats
  3 rat zombies (Ossuary)
378 creatures vanquished.

Vanquished Creatures (others)
  A crimson imp (D:6)
  A hound (D:6)
  A quokka (D:7)
3 creatures vanquished.

Grand Total: 381 creatures vanquished

Notes
Turn   | Place    | Note
-------+----------+-------------------------------------------
     0 | D:1      | HuneSparrow the Demonspawn Fighter began the quest for the Orb.
     0 | D:1      | Reached XP level 1. HP: 18/18 MP: 1/1
   160 | D:1      | Gained mutation: You regenerate a little health from kills. [demonic ancestry]
   160 | D:1      | Reached XP level 2. HP: 24/24 MP: 2/2
   768 | D:1      | Gained mutation: You have a pair of small horns on your head. [demonic ancestry]
   768 | D:1      | Reached XP level 3. HP: 3/29 MP: 0/3
  1848 | D:2      | Gained mutation: You have a pair of horns on your head. [demonic ancestry]
  1848 | D:2      | Reached XP level 4. HP: 34/35 MP: 4/4
  2467 | D:3      | Gained mutation: You sometimes gain a little power by taking damage. [demonic ancestry]
  2467 | D:3      | Reached XP level 5. HP: 38/41 MP: 5/5
  2973 | D:3      | Gained mutation: You sometimes gain power by taking damage. [demonic ancestry]
  2973 | D:3      | Reached XP level 6. HP: 37/48 MP: 3/6
  3337 | D:4      | Noticed Edmund
  3362 | D:4      | Killed Edmund
  3640 | D:4      | Found a runed door.
  3644 | D:4      | Noticed Crazy Yiuf
  3653 | D:4      | Killed Crazy Yiuf
  3742 | D:5      | Entered Level 5 of the Dungeon
  3781 | D:5      | Reached XP level 7. HP: 25/54 MP: 7/7
  4188 | D:5      | Noticed cba's ghost (novice SpFi)
  4306 | D:4      | Reached skill level 5 in Long Blades
  4598 | D:5      | Killed cba's ghost
  4598 | D:5      | Reached skill level 5 in Fighting
  4834 | D:5      | Gained mutation: You regenerate health from kills. [demonic ancestry]
  4834 | D:5      | Reached XP level 8. HP: 61/62 MP: 8/8
  5230 | D:5      | Found a blossoming altar of Fedhas.
  5261 | D:5      | Noticed a two-headed ogre
  5393 | D:5      | HP: 1/62 [two-headed ogre/giant spiked club (9)]
  5396 | D:5      | Killed a two-headed ogre
  5396 | D:5      | Reached skill level 5 in Armour
  5396 | D:5      | Reached skill level 5 in Shields
  5853 | D:6      | Noticed Prince Ribbit
  5965 | D:6      | Reached XP level 9. HP: 53/69 MP: 9/9
  6064 | D:6      | Noticed Eustachio
  6065 | D:6      | Found a staircase to the Ecumenical Temple.
  6077 | Temple   | Entered the Ecumenical Temple
  6109 | Temple   | Became a worshipper of Qazlal Stormbringer
  6128 | D:6      | Killed Eustachio
  6128 | D:6      | Reached skill level 1 in Invocations
  6148 | D:6      | Noticed Pikel
  6189 | D:6      | Killed Pikel
  6537 | D:6      | Found a snail-covered altar of Cheibriados.
  6660 | D:6      | Found a glowing silver altar of Zin.
  6738 | D:6      | Noticed Grinder
  6762 | D:7      | Found a white marble altar of Elyvilon.
  7069 | D:6      | Killed Grinder
  7138 | D:7      | Reached * piety under Qazlal
  7159 | D:7      | Reached skill level 5 in Invocations
  7187 | D:7      | Found Kazomuas's Armour Emporium.
  7811 | D:7      | Found a burning altar of Makhleb.
  8007 | D:7      | Gained mutation: Your movements are slightly less encumbered by armour. (ER -2) [demonic ancestry]
  8007 | D:7      | Reached XP level 10. HP: 76/77 MP: 14/14
  8345 | D:8      | Found a sand-covered staircase.
  8345 | D:8      | Found a basalt altar of Yredelemnul.
  8354 | Ossuary  | Entered an ossuary
  8484 | Ossuary  | Reached ** piety under Qazlal
  8650 | D:8      | Found an ancient bone altar of Kikubaaqudgha.
  8650 | D:8      | Noticed a two-headed ogre
  8664 | D:8      | Killed a two-headed ogre
  9207 | D:8      | Reached *** piety under Qazlal
  9553 | D:5      | Killed Prince Ribbit
  9727 | D:9      | Noticed Maurice
 10161 | D:9      | Killed Maurice
 10218 | D:9      | Found a bloodstained altar of Trog.
 10399 | D:9      | Found an iron altar of Okawaru.
 10453 | D:10     | Entered Level 10 of the Dungeon
 10598 | D:10     | Noticed a two-headed ogre
 10616 | D:10     | Killed a two-headed ogre
 10781 | D:10     | Gained mutation: You regenerate a lot of health from kills. [demonic ancestry]
 10781 | D:10     | Reached XP level 11. HP: 85/85 MP: 17/17
 11367 | D:10     | Noticed Tutankhamun's ghost (novice GrFi)
 11413 | D:10     | Killed Tutankhamun's ghost
 12119 | D:11     | Found a staircase to the Lair.
 12149 | D:11     | Noticed Nergalle
 12158 | D:11     | Killed Nergalle
 12186 | D:11     | Reached **** piety under Qazlal
 12363 | D:11     | Reached skill level 1 in Dodging
 12777 | D:11     | Reached skill level 10 in Long Blades
 12871 | D:11     | Noticed a two-headed ogre
 12877 | D:11     | Killed a two-headed ogre
 13230 | D:11     | Noticed Urug
 13232 | D:11     | Killed Urug
 13281 | D:11     | Reached skill level 10 in Invocations
 13664 | D:12     | Noticed a deep elf mage
 14215 | D:12     | Killed a deep elf mage
 14257 | Lair:1   | Entered Level 1 of the Lair of Beasts
 14257 | Lair:1   | Found a frozen archway.
 14325 | IceCv    | Entered an ice cave
 14337 | IceCv    | Gained mutation: Your movements are less encumbered by armour. (ER -4) [demonic ancestry]
 14337 | IceCv    | Reached XP level 12. HP: 41/94 MP: 10/19
 14520 | IceCv    | Slain by a freezing wraith

Skill      XL: |  1  2  3  4  5  6  7  8  9 10 11 12 |
---------------+-------------------------------------+-----
Long Blades    | 2 3 4 5 7 8 9 10 | 10.6
Shields        | 3 4 5 6 7 |  7.8
Armour         | 3 4 5 6 7 8 |  8.0
Fighting       | 4 5 6 7 8 |  8.5
Invocations    | 5 8 10 | 10.6
Dodging        | 2 |  2.5

Action                   |  1- 3 |  4- 6 |  7- 9 | 10-12 || total
-------------------------+-------+-------+-------+-------++-------
Melee: Long sword        |   133 |   213 |   458 |   659 ||  1463
       Headbutt          |    12 |    42 |    92 |   141 ||   287
Invok: Upheaval          |       |       |       |    12 ||    12
Evoke: Wand              |       |       |     1 |       ||     1
  Use: Scroll            |     3 |     1 |     4 |     9 ||    17
       Potion            |       |     1 |     2 |     8 ||    11
 Stab: Invisible         |       |       |       |     1 ||     1
  Eat: Chunk             |     3 |    21 |    16 |    25 ||    65
Armor: Scale mail        |    59 |       |       |       ||    59
       Plate armour      |       |   142 |   279 |   286 ||   707
Dodge: Dodged            |    44 |    15 |    56 |    96 ||   211
       Deflected         |       |       |       |     3 ||     3
Block: Shield            |    65 |    86 |   219 |   462 ||   832
       Rpst.: Long sword |    17 |     7 |    23 |    23 ||    70
